 Dungeon Crawl Stone Soup version 0.28-a0-1506-g3893175d92 (webtiles) character file.

Game seed: 13769758831615950732

17 HallandMoats the Skirmisher (level 2, -1/26 HPs)
             Began as a Ghoul Fighter on Jan 14, 2022.
             Was a High Priest of Ignis.
             Slain by a giant cockroach (2 damage)
             ... on level 2 of the Dungeon.
             The game lasted 00:00:47 (1019 turns).

HallandMoats the Skirmisher (Ghoul Fighter)         Turns: 1019, Time: 00:00:48

Health: -1/26      AC:  7    Str: 19    XL:     2   Next: 62%
Magic:  1/1        EV:  9    Int:  3    God:    Ignis [*****.]
Gold:   13         SH:  4    Dex:  8    Spells: 1/1 levels left

rFire   + . .      SeeInvis .   i - +1 dagger (flame)
rCold   + . .      Faith    .   c - +0 buckler
rNeg    + + +      Spirit   .   b - +0 scale mail
rPois   ∞          Reflect  .   (no helmet)
rElec   .          Harm     .   (no cloak)
rCorr   .          Rampage  .   e - +0 pair of gloves
Will    .....                   (no boots)
Stlth   ..........              (no amulet)
HPRegen 0.00/turn               (no ring)
MPRegen 0.07/turn               (no ring)

@: inhibited regen
A: claws 1, cold resistance 1, negative energy resistance 3, inhibited
regeneration, torment resistance 2
a: Renounce Religion, Fiery Armour, Foxfire Swarm, Rising Flame


You were on level 2 of the Dungeon.
You worshipped Ignis.
Ignis was extremely pleased with you.
You visited 1 branch of the dungeon, and saw 2 of its levels.

You collected 13 gold pieces.

Inventory:

Hand Weapons
 a - a +0 long sword
 i - a +1 dagger of flaming (weapon)
Armour
 b - a +0 scale mail (worn)
 c - a +0 buckler (worn)
 e - a +0 pair of gloves (worn)
Scrolls
 f - a scroll of immolation {unknown}
 g - a scroll of fear {unknown}
 h - a scroll of amnesia {unknown}
 j - a scroll of blinking {unknown}
Potions
 d - 2 potions of might


   Skills:
 + Level 3.4 Fighting
 + Level 2.0 Long Blades
 + Level 2.8 Armour
 + Level 0.5 Dodging
 * Level 3.0 Shields


You had one spell level left.
You didn't know any spells.
Your spell library was empty.

Dungeon Overview and Level Annotations

Branches:
Dungeon (2/15)

Altars:
Ignis


Innate Abilities, Weirdness & Mutations

You thrive by killing the living.
You are immune to poison.
You have sharp fingernails.
Your flesh is cold resistant. (rC+)
You are immune to negative energy. (rN+++)
You do not regenerate when monsters are visible.
You are immune to unholy pain and torment.


Message History

The giant cockroach bites you but does no damage.
The giant cockroach completely misses you.
The hobgoblin hits you but does no damage.
The giant cockroach closely misses you. You block the hobgoblin's attack.
The giant cockroach closely misses you. The hobgoblin barely misses you.
The giant cockroach bites you but does no damage.
You block the hobgoblin's attack.
The giant cockroach bites you but does no damage.
The hobgoblin hits you but does no damage.
The giant cockroach barely misses you. The giant cockroach barely misses you.
The hobgoblin hits you but does no damage.
The giant cockroach bites you but does no damage.
The hobgoblin hits you but does no damage.
The giant cockroach barely misses you. You block the hobgoblin's attack.
The giant cockroach waves its antennae.
The giant cockroach barely misses you.
The hobgoblin hits you but does no damage.
The giant cockroach bites you. The hobgoblin hits you.
The giant cockroach barely misses you.
The giant cockroach bites you but does no damage.
You block the hobgoblin's attack. You block the giant cockroach's attack.
The hobgoblin barely misses you.
The giant cockroach bites you but does no damage.
The hobgoblin hits you but does no damage.
The giant cockroach closely misses you.
The hobgoblin hits you but does no damage.
You block the giant cockroach's attack. The hobgoblin hits you.
* * * LOW HITPOINT WARNING * * *
You block the giant cockroach's attack.
The giant cockroach bites you but does no damage.
You block the hobgoblin's attack. The giant cockroach barely misses you.
The hobgoblin hits you.
* * * LOW HITPOINT WARNING * * *
You block the giant cockroach's attack. The hobgoblin hits you.
* * * LOW HITPOINT WARNING * * *
The giant cockroach barely misses you. The hobgoblin closely misses you.
The giant cockroach bites you.
You die...

#### ... # #..
.. .. .#
####.#.#
#......##
#..g....# #.@#
.. # #.B#.#..#
#.####.........
#...<..........
######.........
#.......##
#.......#
#.......#
........#


You could see a giant cockroach and a hobgoblin.

Vanquished Creatures
  A dart slug (D:1)
  A ball python (D:1)
  A bat (D:1)
  A giant cockroach (D:1)
  2 goblins (D:1)
  3 hobgoblins (D:1)
  2 kobolds (D:1)
  2 frilled lizards (D:1)
13 creatures vanquished.

Notes
Turn   | Place    | Note
-------+----------+-------------------------------------------
     0 | D:1      | HallandMoats the Ghoul Fighter began the quest for the Orb.
     0 | D:1      | Reached XP level 1. HP: 19/19 MP: 0/0
   158 | D:1      | Reached XP level 2. HP: 24/26 MP: 1/1
   594 | D:1      | Found a faded altar of an unknown god.
   747 | D:1      | Prayed at the altar of an unknown god.
   747 | D:1      | Became a worshipper of Ignis, the Dying Flame
  1018 | D:2      | HP: 1/26 [hobgoblin (3)]
  1019 | D:2      | Slain by a giant cockroach

Illustrated notes

Levels and vault maps discovered:
D:1:      dpeg_arrival_yet_another_circle, layout_loops_ring,
          hellmonk_ecumenical_altar_leap_of_faith
D:2:      layout_loops_ring, serial_shops, nicolae_shop_hallway_stairs,
          minmay_tromino_v4_b

Skill      XL: |  1  2 |
---------------+-------+-----
Long Blades    | 2 |  2.0
Shields        | 3 |  3.0
Fighting       | |  3.4
Armour         | |  2.8
Dodging        | |  0.5

Action                   || total
-------------------------++-------
Melee: Long sword        ||    35
       Dagger            ||    14
Armor: Scale mail        ||    52
Dodge: Dodged            ||    61
Block: Buckler           ||    18

Table legend: (Time is in decaauts)
 A = Elapsed time spent in this place.
 B = Non-inter-level travel time spent in this place.
 C = Inter-level travel time spent in this place.
 D = Time resting spent in this place.
 E = Time spent auto-exploring this place.
 F = Levels seen in this place.
 G = Mean time per level.
                   A        B        C        D        E       F      G
               +--------+--------+--------+--------+--------+-----+--------+
         Total |   1030 |    942 |     88 |      0 |    756 |   2 |  515.0 |
       Dungeon |   1030 |    942 |     88 |      0 |    756 |   2 |  515.0 |
               +--------+--------+--------+--------+--------+-----+--------+

Top non-repeatable levels by time:
     D:1: 980 daAuts
     D:2: 49 daAuts
